 Dungeon Crawl Stone Soup version 0.25-a0-578-gc91f01c39c (webtiles) character file.

Game seed: 6244195979164589669, levelgen mode: deterministic

30 chispire the Skirmisher (level 3, -3/29 HPs)
             Began as a Demonspawn Chaos Knight on Mar 7, 2020.
             Was a Plaything of Xom.
             Slain by a shadow (26 damage)
             ... summoned by the capriciousness of Xom
             ... on level 1 of the Dungeon.
             The game lasted 00:09:14 (1013 turns).

chispire the Skirmisher (Demonspawn Chaos Knight)   Turns: 1013, Time: 00:09:17

Health: -3/29      AC:  5    Str: 13    XL:     3   Next: 3%
Magic:  3/3        EV: 11    Int: 13    God:    Xom [..*...]
Gold:   34         SH:  0    Dex: 16    Spells: 2/2 levels left

rFire    . . .     SeeInvis .   a - +0 falchion (chaos)
rCold    . . .     Gourm    .   (no shield)
rNeg     . . .     Faith    .   b - +2 leather armour
rPois    .         Spirit   .   (no helmet)
rElec    .         Reflect  .   (no cloak)
rCorr    .         Harm     .   (no gloves)
MR       .....                  (no boots)
Stlth    +.........             (no amulet)
HPRegen  0.09/turn              i - +4 ring of dexterity
MPRegen  0.08/turn              (no ring)

@: no status effects
A: hooves 1, rot immunity
a: Renounce Religion


You were on level 1 of the Dungeon.
You worshipped Xom.
You were a toy of Xom.
You were not hungry.

You visited 1 branch of the dungeon, and saw 1 of its levels.

You collected 34 gold pieces.

Inventory:

Hand Weapons
 a - a +0 falchion of chaos (weapon)
Armour
 b - a +2 leather armour (worn)
 f - a +0 ring mail
Jewellery
 i - a +4 ring of dexterity (left hand)
Potions
 e - 2 potions of brilliance
 g - 2 potions of haste {unknown}
 j - a potion of stabbing {unknown}
 k - a potion of resistance {unknown}
Comestibles
 c - 2 rations


   Skills:
 + Level 3.4 Fighting
 + Level 3.3 Long Blades
 + Level 1.9 Armour
 + Level 1.1 Dodging


You had 2 spell levels left.
You didn't know any spells.
Your spell library was empty.

Dungeon Overview and Level Annotations

Branches:
Dungeon (1/15)

Altars:


Innate Abilities, Weirdness & Mutations

You have large cloven feet.
You are immune to rotting.


Message History

You see here a +0 whip.
Xom's attention turns to you for a moment.
Flickering shadows surround you. The shadow hits you.
The shadow slips into darkness.
The shadow flickers and vanishes!
Deactivating autopickup; reactivate with Ctrl-A.
You hit the shadow but do no damage. You kick the shadow.
The shadow is lightly damaged.
The shadow hits you. The shadow barely misses you.
You riposte.
You hit the shadow but do no damage.
The shadow seems to slow down.
Your kick misses the shadow.
The shadow is lightly damaged.
You hit the shadow but do no damage.
The shadow seems to speed up.
Xom is highly amused!
You kick the shadow, but do no damage.
The shadow is lightly damaged.
The shadow strikes at you from the darkness!
Ouch! That really hurt!
You die...

..############
#...............
..+..........#
#.......###+####
..########...# #...........#
.............# #......######
...#######...#####......##
.........#......##.......#
..########......##.......#
..+.............##.......#
..######........@........#
.................W..#)####
##..................#.#
.#..................#.#
.#..................#.#
.#..................#.#
.#######.)..........#.######
.#
#............#...)..######
.#
#............#.###........


You could see a shadow.

Vanquished Creatures
  A dart slug (D:1)
  4 bats (D:1)
  4 goblins (D:1)
  4 hobgoblins (D:1)
  4 jackals (D:1)
  4 kobolds (D:1)
  2 frilled lizards (D:1)
  3 rats (D:1)
26 creatures vanquished.

Notes
Turn   | Place    | Note
-------+----------+-------------------------------------------
     0 | D:1      | chispire the Demonspawn Chaos Knight began the quest for
                  | the Orb.
     0 | D:1      | Reached XP level 1. HP: 18/18 MP: 1/1
    47 | D:1      | Gained mutation: You have large cloven feet. [demonic
                  | ancestry]
    47 | D:1      | Reached XP level 2. HP: 18/24 MP: 2/2
    76 | D:1      | Reached skill level 1 in Dodging
   606 | D:1      | Gained mutation: You are immune to rotting. [demonic
                  | ancestry]
   606 | D:1      | Reached XP level 3. HP: 29/29 MP: 3/3
  1007 | D:1      | XOM: medium Necr miscast
  1008 | D:1      | Noticed a shadow
  1008 | D:1      | Noticed a shadow
  1013 | D:1      | Slain by a shadow

Levels and vault maps discovered:
D:1:      heliophobic_arrival_henge, layout_basic, minmay_misc_feat_nine_boxes

Skill      XL: |  1  2 |
---------------+-------+-----
Long Blades    | 3 |  3.3
Dodging        | 1 |  1.1
Fighting       | |  3.4
Armour         | |  1.9

Action                   || total
-------------------------++-------
Melee: Falchion          ||    60
       Kick              ||    12
  Use: Scroll            ||     3
Armor: Leather armour    ||    41
Dodge: Dodged            ||    34
       Rpst.: Falchion   ||    11

Table legend:
 A = Non-vault XP
 B = Vault XP
 C = Vault XP percentage of total XP
 D = Non-vault monster count
 E = Vault monster count
 F = Vault count percentage of total count
                 A         B        C        D         E       F
            +---------+---------+-------+---------+---------+-------
      Total |      43 |       0 |   0.0 |      26 |       0 |   0.0
            +---------+---------+-------+---------+---------+-------
        D:1 |      43 |       0 |   0.0 |      26 |       0 |   0.0
            +---------+---------+-------+---------+---------+-------
